 Dungeon Crawl Stone Soup version 0.30.1-4-g462c640d31 (webtiles) character file.

Game seed: 17393475554829322622

3413 booth the Chopper (level 9, -1/71 HPs)
             Began as a Demonspawn Monk on Aug 11, 2023.
             Succumbed to a gnoll's poison
             ... on level 7 of the Dungeon.
             The game lasted 00:41:09 (7986 turns).

booth the Chopper (Demonspawn Monk)                 Turns: 7986, Time: 00:41:10

Health: -1/71      AC:  5    Str: 15    XL:     9   Next: 76%
Magic:  16/16      EV: 14    Int: 18    God:
Gold:   450        SH:  0    Dex: 16    Spells: 17/17 levels left

rFire   . . .        A - +0 mace of Teih {flame, Fly rElec rN+ Stlth+}
rCold   . . .        d - orb {light}
rNeg    + . .        s - +0 leather armour
rPois   .            q - +0 helmet
rElec   +            (cloak unavailable)
rCorr   .            (no gloves)
SInv    .            l - +0 pair of boots
Will    .....        (no amulet)
Stlth   +            n - +6 ring of intelligence
HPRegen 0.31/turn    (no ring)
MPRegen 0.15/turn

%: no passive effects
@: lethally poisoned (-1 -> -16), flying, glowing
A: ignite blood 2, weakness stinger 3
a: no special abilities


You were on level 7 of the Dungeon.
You visited 1 branch of the dungeon, and saw 7 of its levels.

You collected 450 gold pieces.

Inventory:

Hand Weapons
 b - a +0 war axe
 t - a +2 hand axe of venom
 A - the +0 mace of Teih (weapon) {flame, Fly rElec rN+ Stlth+}
   (You found it on level 5 of the Dungeon)

   rElec:     It insulates you from electricity.
   rN:        It protects you from negative energy.
   Fly:       It grants you flight.
   Stlth:     It makes you more stealthy.
 B - a +3 flail
Missiles
 e - 2 boomerangs
 x - 23 poisoned darts (quivered)
Armour
 d - an orb of light (worn)
 l - a +0 pair of boots (worn)
 q - a +0 helmet (worn)
 s - a +0 leather armour (worn)
Jewellery
 a - the ring "Tish" {rElec Will- rCorr Slay+2}
   (You found it on level 6 of the Dungeon)

   [ring of resist corrosion]

   Slay:      It affects your accuracy & damage with ranged weapons and melee
   (+2).
   rElec:     It insulates you from electricity.
   rCorr:     It protects you from acid and corrosion.
   Will:      It decreases your willpower.
 j - an amulet of magic regeneration
 n - a +6 ring of intelligence (left hand)
 y - a ring of flight
 E - a ring of protection from cold
Wands
 r - a wand of flame (14)
 D - a wand of digging (9)
Scrolls
 g - 4 scrolls of magic mapping
 h - a scroll of poison
 i - 2 scrolls of immolation
 m - a scroll of fear
 o - 4 scrolls of teleportation
 u - 3 scrolls of torment
 v - 4 scrolls of vulnerability
Potions
 c - 2 potions of ambrosia
 f - 2 potions of resistance
 k - 3 potions of might
 p - 2 potions of curing
 w - 2 potions of attraction
 z - 2 potions of heal wounds
 C - 2 potions of brilliance
 F - a potion of flight {unknown}
 G - a potion of magic {unknown}
 H - a potion of haste {unknown}
 I - a potion of mutation {unknown}


   Skills:
 + Level 6.5 Fighting
 * Level 7.9(8.6) Axes
 + Level 4.8(7.0) Maces & Flails
 + Level 6.0 Dodging
 + Level 4.8 Spellcasting


You had 17 spell levels left.
You didn't know any spells.
Your spell library was empty.

Dungeon Overview and Level Annotations

Branches:
Dungeon (7/15)
 Temple: D:4-7

Altars:
Ashenzari
Dithmenos
Hepliaklqana
Sif Muna
Trog
Wu Jian

Shops:
D:5 [

Annotations:
D:5 2 runed translucent doors, Dingle's ghost, amateur HuCA


Innate Abilities, Weirdness & Mutations

Your demonic aura often causes spilled blood to erupt in flames.
You have a sharp stinger which inflicts weakening toxins.


Message History

The gnoll hits you from afar with a +0 spear of venom.
You are more poisoned.
The gnoll misses you.
You hit the gnoll. You burn the gnoll.
The gnoll is severely wounded.
You feel very sick. The gnoll closely misses you.
The gnoll hits you with a +0 spear.
The gnoll sergeant shouts!
You sock the gnoll! You burn the gnoll.
You kill the gnoll!
You feel very sick.
You hear a shout!
The gnoll hits you from afar with a +0 spear of venom.
You are more poisoned.
You feel extremely sick.
* * * LOW HITPOINT WARNING * * *
You feel very sick.
Throw: 25 darts (poison)
Press: ? - help, Q - select action, (/) - cycle Shift-Dir - straight line, f - gnoll
Aim: a gnoll, wielding a +0 spear of venom (haloed, 83% to hit)
You throw a poisoned dart. The poisoned dart hits the gnoll.
The gnoll is poisoned.
* * * LOW HITPOINT WARNING * * *
You feel very sick.
Throw: 24 darts (poison)
Press: ? - help, Q - select action, (/) - cycle Shift-Dir - straight line, f/p - gnoll
Aim: a gnoll, wielding a +0 spear of venom (poisoned, haloed, 83% to hit)
You throw a poisoned dart. The poisoned dart hits the gnoll.
* * * LOW HITPOINT WARNING * * *
You feel very sick.
* * * LOW HITPOINT WARNING * * *
You feel very sick.
The gnoll hits you with a +0 spear of venom.
* * * LOW HITPOINT WARNING * * *
You are more poisoned.
The gnoll sergeant hits you from afar with a +0 spear.
* * * LOW HITPOINT WARNING * * *
You hit the gnoll. You burn the gnoll.
The gnoll is moderately wounded.
You die...

##..## .
##.g..## ##
.#......# .#
.......# .#
#..... .# #....
.# #...####.# #
#...gg@..####.#
#.#.###....[..#
.. #.#
#........ ##
#.# #..######
#.# #..# #.#
#..# #.# #..#
..# #..# #..#


You could see a gnoll sergeant and a gnoll (poisoned).

Vanquished Creatures
  6 yaks (D:6)
  A steam dragon (D:7)
  Duvessa (D:4)
  A sky beast (D:5)
  3 black bears
  3 ogres
  3 centaurs
  A phantom (D:5)
  A kobold brigand (D:6)
  A bullfrog (D:6)
  A gnoll sergeant (D:3)
  A scorpion (D:4)
  Dowan (D:4)
  A howler monkey (D:3)
  2 hounds
  A jelly (D:6)
  4 orc priests
  2 gnoll boudas (D:3)
  A sleepcap (D:5)
  2 iguanas (D:5)
  6 orc wizards
  4 adders
  28 gnolls
  2 white imps (D:6)
  3 dart slugs
  33 orcs
  5 endoplasms
  6 giant cockroaches
  38 goblins
  26 hobgoblins
  12 jackals (D:3)
  6 quokkas
  6 ball pythons
  8 bats
  11 kobolds
  3 rats
234 creatures vanquished.

Notes
Turn   | Place    | Note
-------+----------+-------------------------------------------
     0 | D:1      | booth the Demonspawn Monk began the quest for the Orb.
     0 | D:1      | Reached XP level 1. HP: 18/18 MP: 1/1
   166 | D:1      | Gained mutation: You have a small tail. [demonic ancestry]
   166 | D:1      | Reached XP level 2. HP: 24/24 MP: 2/2
   290 | D:1      | Reached skill level 3 in Axes
   655 | D:1      | Gained mutation: Your demonic aura sometimes causes spilled
                  | blood to erupt in flames. [demonic ancestry]
   655 | D:1      | Reached XP level 3. HP: 26/29 MP: 3/3
  1657 | D:3      | Found a faded altar of an unknown god.
  1668 | D:3      | Gained mutation: You have a tail ending in a sharp stinger.
                  | [demonic ancestry]
  1668 | D:3      | Reached XP level 4. HP: 34/36 MP: 4/4
  1849 | D:3      | Reached skill level 1 in Spellcasting
  1849 | D:3      | Reached XP level 5. HP: 39/42 MP: 6/6
  1859 | D:3      | Reached skill level 1 in Maces & Flails
  2030 | D:3      | Reached skill level 4 in Axes
  2083 | D:3      | HP: 1/42 [orc wizard/magic dart (5)]
  2084 | D:3      | Reached XP level 6. HP: 1/48 MP: 8/8
  2977 | D:3      | Gained mutation: You have a sharp stinger which inflicts
                  | weakening toxins. [demonic ancestry]
  2977 | D:3      | Reached XP level 7. HP: 55/55 MP: 10/10
  3515 | D:4      | Found a bloodstained altar of Trog.
  3579 | D:4      | Found an ornate altar of the Wu Jian Council.
  3623 | D:4      | Found a hazy altar of Hepliaklqana.
  3961 | D:4      | Reached skill level 5 in Axes
  3989 | D:4      | Identified the +5 dagger of the Four Artists {venom, Contam
                  | Int+2 SInv}
  4200 | D:4      | Noticed Duvessa
  4200 | D:4      | Noticed Dowan
  4211 | D:4      | Killed Duvessa
  4215 | D:4      | Killed Dowan
  4498 | D:5      | Entered Level 5 of the Dungeon
  4665 | D:5      | Found a runed translucent door.
  4667 | D:5      | Noticed Dingle's ghost (amateur HuCA)
  4691 | D:5      | Reached skill level 5 in Fighting
  4726 | D:5      | Gained mutation: Your demonic aura often causes spilled
                  | blood to erupt in flames. [demonic ancestry]
  4726 | D:5      | Reached XP level 8. HP: 57/62 MP: 12/12
  5081 | D:5      | Reached skill level 6 in Axes
  5284 | D:5      | Identified the +0 mace of Teih {flame, Fly rElec rN+
                  | Stlth+}
  5543 | D:5      | Reached skill level 5 in Dodging
  5979 | D:5      | Found Cadmus's Dragon-Slaying Spoils.
  6144 | D:5      | Found a runed translucent door.
  6404 | D:6      | Reached XP level 9. HP: 56/69 MP: 14/14
  6516 | D:6      | Reached skill level 7 in Axes
  6908 | D:6      | Found a shimmering blue altar of Sif Muna.
  6959 | D:6      | Identified the ring "Tish" {rElec Will- rCorr Slay+2}
  7388 | D:6      | Found a shadowy altar of Dithmenos.
  7892 | D:7      | Found a broken altar of Ashenzari.
  7985 | D:7      | HP: 3/71 [gnoll sergeant/+0 spear (5)]
  7986 | D:7      | Succumbed to a gnoll's poison

Illustrated notes

Levels and vault maps discovered:
D:1:      lemuel_arrival_lava_pool, layout_loops_cross, minmay_misc_feat_roman,
          serial_bayou_pond_a
D:2:      layout_loops_ring
D:3:      lemuel_castle_with_subvaults [lemuel_castle_interior_carwin_3],
          layout_rooms, hellmonk_ecumenical_altar_heavens_door,
          chequers_serial_rivers_micro_e
D:4:      layout_loops_ring, mainiacjoe_overflow_concentric_impassable,
          nzn_wu_jian_council_hall, gammafunk_temple_overflow_elements,
          hex_large, uniq_duvessa
D:5:      minmay_goblin_kobold_castle, layout_rooms, ebering_ghost_sewer_f,
          nicolae_shop_dragon_depot, grunt_decor_arrowhead, minmay_diced_spiral
D:6:      layout_basic, grunt_dithmenos_smoke_and_mirrors,
          nicolae_sif_muna_condensation, chequers_serial_rivers_marsh
D:7:      layout_loops_ring, cheibrodos_ashenzari_chains,
          minmay_temple_entry_slanted, chequers_avenue, minmay_door_square

Skill      XL: |  1  2  3  4  5  6  7  8  9 |
---------------+----------------------------+-----
Axes           | 3 4 5 6 7 |  7.9
Dodging        | 3 4 5 6 |  6.0
Spellcasting   | 1 2 3 4 |  4.8
Maces & Flails | 1 2 3 4 |  4.8
Fighting       | 4 5 6 |  6.5

Action                     |  1- 3 |  4- 6 |  7- 9 || total
---------------------------+-------+-------+-------++-------
  Melee: Hand axe          |   107 |   141 |   215 ||   463
         Tailslap          |    10 |    31 |    61 ||   102
         Mace              |       |       |    67 ||    67
  Throw: Boomerang         |       |     2 |       ||     2
         Dart              |       |       |     8 ||     8
    Use: Scroll            |    10 |     3 |     6 ||    19
         Potion            |       |       |     1 ||     1
 Armour: Robe              |    22 |    32 |       ||    54
         Leather armour    |       |       |    66 ||    66
  Dodge: Dodged            |    73 |    77 |   244 ||   394
